[Event "*** SCC Grand Prix: Titled Tuesday Blitz"]
[Site "Chess.com"]
[Date "2020.07.14"]
[Round "3"]
[White "White_Ghost"]
[Black "kuban1991"]
[Result "0-1"]
[WhiteElo "2486"]
[BlackElo "2741"]
[TimeControl "180+1"]
[EndTime "10:27:50 PDT"]
[Termination "kuban1991 won by resignation"]

1. d4 g6 2. c4 Bg7 3. g3 d6 4.
Bg2 e5 5. dxe5 dxe5 6. Qxd8+ Kxd8 7. Nc3 c6 8. Nf3 Kc7 9. Ng5 Nh6 10. b3 f6 11. Nge4 Nf7 12. Bb2 Bf5 13. O-O Nd7 14. Rad1 Rad8 15. Ba3 Bf8 16. Bxf8 Rhxf8 17. Rd2 Bxe4 18. Nxe4 f5 19. Nc3 Nc5 20. Rfd1 Rxd2 21. Rxd2 a5 22. h4 Nd6 23. e3 h6 24. Bf3 g5 25.
hxg5 hxg5 26. Kg2 e4 27. Be2 g4 28. Bd1 Nf7 29. Ne2 Ne5 30. Nd4 Rf6 31. Bc2 Nf3 32. Rd1 Ne6 33. Ne2 Rh6 34. Rh1 Rxh1 35. Kxh1 Kd6 36.
Kg2 Ne1+ 37. Kf1 Nxc2 38. Nc3 Nb4 39. Ke2 Nd3 40. Nb1 b5 41. Nc3 b4 42. Na4 Nec5 43.
Nb6 Kc7 44. Na8+ Kb7 0-1

[Event "*** SCC Grand Prix: Titled Tuesday Blitz"]
[Site "Chess.com"]
[Date "2020.07.14"]
[Round "3"]
[White "pastouche06"]
[Black "PavelChernomordik"]
[Result "1-0"]
[WhiteElo "2535"]
[BlackElo "2341"]
[TimeControl "180+1"]
[EndTime "10:27:52 PDT"]
[Termination "pastouche06 won by resignation"]

1. d4 g6 2. c4 Bg7 3. Nc3 d6 4. e4 c6 5. Nge2 a6 6. h4 h6 7.
h5 g5 8. Ng3 b5 9. Be3 e6 10.
f3 Ne7 11. c5 dxc5 12. dxc5 Qc7 13. Qd6 Be5 14. Qxc7 Bxc7 15. Bf2 f5 16. Bd3 Nd7 17.
exf5 Ne5 18. Be2 exf5 19. O-O-O Be6 20. Rhe1 Kf7 21. Bf1 Rhe8 22. Nge2 b4 23. Na4 Bxa2 24. Nd4 Rad8 25. b3 Rxd4 26. Rxd4 Bxb3 27. Rxb4 Be6 28. Rb7 Bb8 29. Nb6 Kf6 30. Bd4 Nd5 31. Rxb8 Rxb8 32. Bxe5+ Kf7 33. Bxb8 Nf4 34. Bxf4 gxf4 35.
Bc4 1-0

[Event "*** SCC Grand Prix: Titled Tuesday Blitz"]
[Site "Chess.com"]
[Date "2020.07.14"]
[Round "3"]
[White "Mfcyryd"]
[Black "DishonorOnYourCow"]
[Result "1-0"]
[WhiteElo "2534"]
[BlackElo "2340"]
[TimeControl "180+1"]
[EndTime "10:27:52 PDT"]
[Termination "Mfcyryd won by resignation"]

1. e4 c5 2. Nf3 d6 3. d4 cxd4 4. Nxd4 Nf6 5. Nc3 a6 6. h4 e5 7.
Nb3 h5 8. Bg5 Be6 9. Qd2 Nbd7 10. O-O-O Be7 11. Kb1 Qc7 12. Be2 b5 13. f3 Nb6 14.
Na5 b4 15. Nd5 Bxd5 16. exd5 Nbxd5 17. Nc4 O-O 18. g4 Rab8 19. Bxf6 Nxf6 20. g5 Nd7 21. f4 exf4 22. Qxf4 Ne5 23. Ne3 g6 24. Nd5 Qb7 25. Rhf1 Rbc8 26. Bxa6 Qxa6 27. Nxe7+ Kh7 28. Nxc8 Rxc8 29.
Rfe1 Ra8 30. a3 bxa3 31. Rxe5 dxe5 32. Qxf7+ Kh8 33. Rd7 a2+ 34. Ka1 1-0

[Event "*** SCC Grand Prix: Titled Tuesday Blitz"]
[Site "Chess.com"]
[Date "2020.07.14"]
[Round "3"]
[White "ShahMatKanal"]
[Black "Aronyak1"]
[Result "0-1"]
[WhiteElo "2497"]
[BlackElo "2749"]
[TimeControl "180+1"]
[EndTime "10:27:55 PDT"]
[Termination "Aronyak1 won by resignation"]

1. d4 d5 2. c4 dxc4 3. e3 e6 4. Bxc4 Nf6 5. Nf3 c5 6. O-O a6 7. Qe2 b5 8. Bd3 Nbd7 9. a4 c4 10. Bc2 Bb7 11. b3 cxb3 12. Bxb3 b4 13. a5 Be7 14.
Nbd2 Nd5 15. Bb2 Rc8 16. Qd3 O-O 17. Rfd1 Nc3 18. Rdc1 Nc5 19. Qf1 Nxb3 20. Nxb3 Qd5 21. Nbd2 Rc7 22. Qd3 Rfc8 23. Kh1 h6 24. Rc2 Ne4 25.
Qxe4 Rxc2 26. Qxd5 Bxd5 27. Rb1 Ba2 28. Ra1 Rxb2 29. h3 Bd5 30. e4 Bb7 31. Kg1 Rcc2 32. Rd1 b3 33. d5 exd5 34. exd5 Bxd5 35. Nf1 Bxf3 36. gxf3 Rxf2 37. Re1 Bc5 38. Ne3 Bxe3 39. Rxe3 Rfc2 0-1

[Event "*** SCC Grand Prix: Titled Tuesday Blitz"]
[Site "Chess.com"]
[Date "2020.07.14"]
[Round "3"]
[White "Gahan-MG"]
[Black "Yana_pro"]
[Result "1-0"]
[WhiteElo "2475"]
[BlackElo "2223"]
[TimeControl "180+1"]
[EndTime "10:27:55 PDT"]
[Termination "Gahan-MG won by checkmate"]

1. e4 e5 2. Nf3 d5 3. Nxe5 dxe4 4.
d4 Nd7 5. Nxd7 Qxd7 6. Nc3 Nf6 7. Bg5 Bb4 8. Bxf6 Bxc3+ 9. bxc3 gxf6 10. Qd2 Qg4 11.
h3 Qg5 12. Rd1 Bf5 13. h4 Qxd2+ 14. Kxd2 O-O-O 15. Ke3 Rhe8 16. Bc4 Be6 17. Bb3 Bg4 18.
Rd2 Re7 19. Re1 h5 20. Kf4 f5 21. f3 Rg8 22. fxg4 Rxg4+ 23. Kxf5 Rxh4 24. Rde2 Rg4 25. Rxe4 Rexe4 26. Rxe4 Rxg2 27. Bxf7 Rxc2 28. Re3 Rf2+ 29. Kg6 h4 30. Be6+ Kd8 31. Kg5 h3 32. Bxh3 Rxa2 33.
Be6 Rb2 34. Kf6 a5 35. Rh3 c6 36. c4 Rf2+ 37. Bf5 a4 38. c5 Rd2 39. Rh8+ Kc7 40. Rc8# 1-0

[Event "*** SCC Grand Prix: Titled Tuesday Blitz"]
[Site "Chess.com"]
[Date "2020.07.14"]
[Round "3"]
[White "winniethepooh04"]
[Black "Agnes66678"]
[Result "0-1"]
[WhiteElo "2173"]
[BlackElo "2416"]
[TimeControl "180+1"]
[EndTime "10:27:55 PDT"]
[Termination "Agnes66678 won by resignation"]

1. e4 e5 2. Nf3 Nf6 3. Nxe5 Nxe4 4. Nf3 d5 5. d4 Bd6 6. Bd3 O-O 7. O-O Bg4 8. h3 Bh5 9. c4 c6 10. Nc3 Nxc3 11. bxc3 dxc4 12. Bxc4 Nd7 13. a4 Nb6 14. Bb3 Nd5 15. c4 Nf4 16. Bxf4 Bxf4 17. d5 Qf6 18. Ra2 Rad8 19. Qd4 Qxd4 20. Nxd4 c5 21. Nb5 a6 22. Nc3 Bg6 23. Ne2 Bd6 24. f4 f6 25. f5 Bf7 26.
Nf4 Bxf4 27. Rxf4 Rfe8 28. Kf2 Re5 29. Re2 Rde8 30. Rxe5 Rxe5 31. Bc2 b5 32. axb5 axb5 33. Re4 Rxe4 34. Bxe4 b4 35. d6 Kf8 36. Ke3 Bxc4 37. Kd2 Bf1 38. Kc2 c4 39. h4 Ke8 40. g4 Kd7 41. g5 Kxd6 42. g6 h6 0-1

[Event "*** SCC Grand Prix: Titled Tuesday Blitz"]
[Site "Chess.com"]
[Date "2020.07.14"]
[Round "3"]
[White "ChessFunMaker"]
[Black "sertalzin"]
[Result "1-0"]
[WhiteElo "2265"]
[BlackElo "1950"]
[TimeControl "180+1"]
[EndTime "10:27:56 PDT"]
[Termination "ChessFunMaker won by resignation"]

1. c4 c6 2. g3 d5 3. Nf3 Nf6 4. Bg2 Bf5 5. cxd5 cxd5 6. O-O Nc6 7.
d3 h6 8. Nc3 e6 9. Qb3 Qb6 10.
Qxb6 axb6 11. Nb5 Kd7 12. Rd1 Bh7 13. Be3 Bc5 14. d4 Be7 15. Ne5+ Nxe5 16. dxe5 Ng4 17. Bxb6 Nxe5 18. Bxd5 exd5 19. Rxd5+ Kc6 20. Rxe5 Kxb6 21. Rxe7 Kxb5 22. Rxb7+ Ka6 23. Rxf7 Ra7 24. Rxa7+ Kxa7 25. Rd1 Rb8 26. Rd7+ Rb7 27. Rxb7+ Kxb7 28. f3 Kc6 29.
Kf2 Kc5 30. Ke3 Kb4 31. Kd4 Bg8 32. b3 Ka3 33. Kc5 Kxa2 34. b4 Be6 35. b5 Kb3 36.
Kd6 Bc4 37. b6 Ba6 38. e4 Kc4 39. e5 Bc8 40. Kc7 Ba6 41. e6 1-0

[Event "*** SCC Grand Prix: Titled Tuesday Blitz"]
[Site "Chess.com"]
[Date "2020.07.14"]
[Round "3"]
[White "GM_Levan_Pantsulaia"]
[Black "DaggiGretarsson"]
[Result "1-0"]
[WhiteElo "2834"]
[BlackElo "2603"]
[TimeControl "180+1"]
[EndTime "10:27:57 PDT"]
[Termination "GM_Levan_Pantsulaia won by resignation"]

1. Nf3 d5 2. g3 Nc6 3. c4 d4 4.
Bg2 e5 5. d3 Nf6 6. O-O a5 7.
e3 Be7 8. exd4 exd4 9. Na3 Nd7 10.
Nb5 Nc5 11. Re1 O-O 12. Bf4 Ne6 13. Rxe6 Bxe6 14. Nxc7 Ra7 15. Nxe6 fxe6 16. Qe2 Qc8 17. Bh3 Rf6 18. Bg5 Rg6 19. Bxe7 Nxe7 20. Nxd4 Nf5 21.
Nb5 Ra6 22. d4 Rf6 23. a4 Qf8 24. Bg2 b6 25. Bb7 Ra8 26. Bxa8 Qxa8 27. d5 exd5 28. Nc7 Nd4 29. Qd3 Qc8 30. Nxd5 Nf3+ 31. Qxf3 Rxf3 32.
Ne7+ 1-0

[Event "*** SCC Grand Prix: Titled Tuesday Blitz"]
[Site "Chess.com"]
[Date "2020.07.14"]
[Round "3"]
[White "PawnEatingZombie"]
[Black "okriak"]
[Result "1/2-1/2"]
[WhiteElo "2221"]
[BlackElo "2701"]
[TimeControl "180+1"]
[EndTime "10:27:57 PDT"]
[Termination "Game drawn by agreement"]

1. d4 d5 2. c4 e6 3. Nc3 c6 4. e3 Nf6 5. Nf3 Nbd7 6. Qc2 b6 7. b3 Bb7 8. Bd3 Be7 9. O-O O-O 10. Bb2 h6 11. Rfd1 Rc8 12. Rac1 Qc7 13. e4 dxe4 14.
Nxe4 Nxe4 15. Bxe4 Nf6 16. c5 Nxe4 17. Qxe4 Bf6 18. Ne5 Bxe5 19. dxe5 bxc5 20. Rxc5 Rfd8 21. Rd6 Rxd6 22. exd6 Qxd6 23. Qg4 g6 24. Rc1 c5 25. Qh4 Rd8 26. f3 h5 27. Qf6 e5 28. Bxe5 Qxf6 29. Bxf6 Rc8 30. Rd1 Bc6 31. Rd6 Be8 32. h4 Rc6 33. Rxc6 Bxc6 34. Kf2 Kf8 35. g4 Ke8 36. Ke3 Kd7 37. gxh5 gxh5 38. Bg7 Ke6 39. a3 1/2-1/2

[Event "*** SCC Grand Prix: Titled Tuesday Blitz"]
[Site "Chess.com"]
[Date "2020.07.14"]
[Round "3"]
[White "crossingthestreet"]
[Black "BikingBrian"]
[Result "1-0"]
[WhiteElo "2401"]
[BlackElo "2203"]
[TimeControl "180+1"]
[EndTime "10:27:57 PDT"]
[Termination "crossingthestreet won by resignation"]

1. d4 Nf6 2. Bf4 c5 3. d5 d6 4. Nc3 e5 5. Bd2 e4 6. Bf4 g6 7. e3 Bg7 8. h3 O-O 9. Bc4 a6 10. a4 Qe7 11. Nge2 Nbd7 12. Ng3 h5 13. h4 Ne5 14.
Be2 Bg4 15. Ngxe4 Bxe2 16. Qxe2 Nxe4 17. Nxe4 f5 18. Ng5 Ng4 19. c4 b5 20. Ne6 bxc4 21.
Nxf8 Rxf8 22. Qxc4 Rb8 23. O-O Rxb2 24. Rab1 Rxb1 25.
Rxb1 Ne5 26. Qxa6 c4 27. Bxe5 Bxe5 28. Qxc4 Qa7 29. Rb5 Kh7 30. a5 Bf6 31. Qc6 Bxh4 32. Rb7+ 1-0

[Event "*** SCC Grand Prix: Titled Tuesday Blitz"]
[Site "Chess.com"]
[Date "2020.07.14"]
[Round "3"]
[White "ckgchess"]
[Black "Shushik"]
[Result "1-0"]
[WhiteElo "2644"]
[BlackElo "2222"]
[TimeControl "180+1"]
[EndTime "10:27:58 PDT"]
[Termination "ckgchess won by resignation"]

1. e4 e5 2. Nc3 Nf6 3. g3 c6 4. d4 exd4 5. Qxd4 d6 6. Bg5 Nbd7 7. O-O-O h6 8. Bf4 Be7 9. Bxd6 O-O 10. e5 Bxd6 11.
Qxd6 Ne8 12. Qd4 Nc7 13. f4 Ne6 14. Qd6 a5 15. Nf3 a4 16. a3 Qb6 17. Kb1 Rd8 18. Bc4 Nxe5 19. Qxe5 Re8 20. Rhe1 Ra5 21. Qe3 Qc7 22.
f5 Rxf5 23. Nd4 Rf6 24. Rf1 Rxf1 25. Rxf1 b5 26. Ba2 Qd7 27. Nxe6 Qb7 28. Nc5 Rxe3 29. Nxb7 Bxb7 30. Bxf7+ Kh7 31. Bh5 Bc8 32. Bf3 Bd7 33. Be4+ Kg8 34. Rd1 Be6 35. Bxc6 Kh7 36. Bxb5 1-0

[Event "*** SCC Grand Prix: Titled Tuesday Blitz"]
[Site "Chess.com"]
[Date "2020.07.14"]
[Round "3"]
[White "GukeshDommaraju"]
[Black "SuperMagnum"]
[Result "1-0"]
[WhiteElo "2708"]
[BlackElo "2174"]
[TimeControl "180+1"]
[EndTime "10:27:59 PDT"]
[Termination "GukeshDommaraju won on time"]

1. d4 g6 2. e4 Bg7 3. Nc3 c5 4. d5 d6 5. Nf3 a6 6. a4 Nf6 7.
Be2 O-O 8. h3 Nbd7 9. O-O Rb8 10. a5 Re8 11. Bf4 Nh5 12. Bh2 Nhf6 13. e5 dxe5 14.
Nxe5 Nxe5 15. Bxe5 Ra8 16. Bf3 Bd7 17. Re1 Qc8 18. Qd2 e6 19. Qf4 Nxd5 20. Bxd5 exd5 21. Nxd5 Qc6 22. Nf6+ Bxf6 23. Bxf6 Bf5 24. Bc3 Rxe1+ 25. Rxe1 Re8 26. Rxe8+ Qxe8 27. Qd6 Bxc2 28. Qf6 Kf8 29.
Qd6+ Kg8 30. Qxc5 Qe6 31. Qd4 f6 32. Qd8+ Kf7 33. Qh8 g5 34. Bb4 Qd7 35. Qf8+ Kg6 36. Bc3 Qg7 37. Qc5 1-0

[Event "*** SCC Grand Prix: Titled Tuesday Blitz"]
[Site "Chess.com"]
[Date "2020.07.14"]
[Round "3"]
[White "maestroza"]
[Black "Chessbard1972"]
[Result "1-0"]
[WhiteElo "2501"]
[BlackElo "2289"]
[TimeControl "180+1"]
[EndTime "10:27:59 PDT"]
[Termination "maestroza won on time"]

1. d4 Nf6 2. Nf3 g6 3. c4 Bg7 4. Nc3 O-O 5. Bg5 c5 6. e3 cxd4 7. Nxd4 d6 8. Be2 Nc6 9. O-O Bd7 10. Rc1 Rc8 11. Qd2 Qa5 12. Bh4 Rfe8 13. Rfd1 a6 14. Nxc6 Bxc6 15. Bxf6 Bxf6 16. Nd5 Qxa2 17. Nxf6+ exf6 18. Qc3 Ba4 19. Rxd6 f5 20. Rb6 Re7 21. Bf1 Rec7 22.
b3 Qa3 23. bxa4 Qxa4 24. Rcb1 Qd7 25. Qb4 f4 26. exf4 Qf5 27. g3 Rd8 28. Rxb7 1-0

[Event "*** SCC Grand Prix: Titled Tuesday Blitz"]
[Site "Chess.com"]
[Date "2020.07.14"]
[Round "3"]
[White "secretsuperstar7"]
[Black "saraswathii"]
[Result "0-1"]
[WhiteElo "2115"]
[BlackElo "2348"]
[TimeControl "180+1"]
[EndTime "10:27:59 PDT"]
[Termination "saraswathii won on time"]

1. e4 c5 2. Nf3 e6 3. d4 cxd4 4. Nxd4 Nf6 5. Nc3 Nc6 6. Be3 Bb4 7. f3 d5 8. Bb5 Bd7 9. O-O Bxc3 10. bxc3 dxe4 11. fxe4 Nxe4 12. Qf3 f5 13. Rad1 Qe7 14. Nxc6 bxc6 15. Bd3 Nxc3 16. Rde1 Nd5 17. Bd4 O-O 18. Qg3 Qf7 19. Be5 c5 20. Bd6 Rfc8 21. Be5 c4 22. Be2 Nf6 23. Bf3 Bc6 24. Rd1 Bxf3 25. Qxf3 Ng4 26.
Bf4 Rd8 27. h3 Nf6 28. Kh1 Rxd1 29. Rxd1 Ne4 30. Be3 h6 31. Bf2 Rb8 32. Re1 Rb2 33. Bg3 Rxc2 34. Be5 Qg6 35. Rxe4 fxe4 0-1

[Event "*** SCC Grand Prix: Titled Tuesday Blitz"]
[Site "Chess.com"]
[Date "2020.07.14"]
[Round "3"]
[White "Zarinur"]
[Black "Oligan22"]
[Result "0-1"]
[WhiteElo "2055"]
[BlackElo "2453"]
[TimeControl "180+1"]
[EndTime "10:28:00 PDT"]
[Termination "Oligan22 won by resignation"]

1. e4 c5 2. Nf3 e6 3. g3 Nc6 4.
Bg2 Nf6 5. Qe2 d6 6. O-O Be7 7. e5 Nd5 8. Rd1 O-O 9. exd6 Qxd6 10. d4 cxd4 11. Nxd4 Nxd4 12. Rxd4 Qb6 13. Rxd5 exd5 14. Qxe7 Be6 15. Nc3 Rfe8 16. Qa3 d4 17. Na4 Qb5 18. Bf4 Rac8 19. Be4 Bd7 20. b3 Rxe4 21. Nb2 Rxc2 22. Nc4 Ree2 23. Rf1 Bc6 24. Qd6 Qd5 25. Qb8+ Re8 0-1

[Event "*** SCC Grand Prix: Titled Tuesday Blitz"]
[Site "Chess.com"]
[Date "2020.07.14"]
[Round "3"]
[White "luizwas"]
[Black "mfwagnerpeixoto"]
[Result "0-1"]
[WhiteElo "1812"]
[BlackElo "2240"]
[TimeControl "180+1"]
[EndTime "10:28:00 PDT"]
[Termination "mfwagnerpeixoto won by checkmate"]

1. e4 c5 2. Nf3 Nc6 3. d4 cxd4 4. Nxd4 e5 5. Nb5 a6 6. Nd6+ Bxd6 7. Qxd6 Qf6 8. Qd1 d5 9. exd5 Nd4 10. Be3 Ne7 11. Nc3 Nef5 12. Ne4 Qg6 13. Bxd4 Nxd4 14. Qd3 Bf5 15.
f3 Rd8 16. g4 Nxf3+ 17. Kf2 Bxe4 18. Qb3 Qxg4 19. Qa4+ b5 20. Bxb5+ axb5 21. Qxb5+ Kf8 22. Rhg1 Nxg1 23. Rxg1 Qf3+ 24. Ke1 Qe3+ 25. Kf1 h5 26. Qb4+ Kg8 27. d6 Rh6 28. Qa5 Rf6# 0-1

[Event "*** SCC Grand Prix: Titled Tuesday Blitz"]
[Site "Chess.com"]
[Date "2020.07.14"]
[Round "3"]
[White "silverback96"]
[Black "amatatanav"]
[Result "1-0"]
[WhiteElo "2239"]
[BlackElo "2459"]
[TimeControl "180+1"]
[EndTime "10:28:01 PDT"]
[Termination "silverback96 won on time"]

1. e4 c5 2. Nf3 Nc6 3. Bb5 e6 4.
Bxc6 bxc6 5. b3 Ne7 6. Bb2 Ng6 7. e5 f6 8. exf6 gxf6 9. h4 e5 10. h5 Ne7 11. d3 d6 12. Nbd2 Rg8 13. Qe2 Rxg2 14. Ne4 Nf5 15. O-O-O d5 16. Nxf6+ Qxf6 17. Nxe5 Qh6+ 18. Kb1 Be6 19. Rde1 O-O-O 20. Nxc6 Rd6 21. Ne5 Ng3 22. Qf3 Nxh1 23. Qxg2 Nxf2 24. Qxf2 Bg7 25. Qxc5+ Kb7 26. Qxd6 1-0

[Event "*** SCC Grand Prix: Titled Tuesday Blitz"]
[Site "Chess.com"]
[Date "2020.07.14"]
[Round "3"]
[White "Susal_De_Silva"]
[Black "WonderChampion"]
[Result "1-0"]
[WhiteElo "2292"]
[BlackElo "2017"]
[TimeControl "180+1"]
[EndTime "10:28:01 PDT"]
[Termination "Susal_De_Silva won by checkmate"]

1. e4 c5 2. Nf3 g6 3. c3 Nf6 4.
e5 Nd5 5. d4 cxd4 6. cxd4 Bg7 7. Bc4 Nb6 8. Bb3 O-O 9. O-O Nc6 10. Nc3 d6 11. exd6 Qxd6 12. Be3 Bg4 13. Nb5 Qd7 14.
h3 Bf5 15. d5 Ne5 16. Nfd4 Rfd8 17. g4 Bd3 18. Nc3 Bxf1 19. Qxf1 Nec4 20. Bxc4 Nxc4 21.
Qxc4 Rac8 22. Qe2 Qc7 23. Rd1 a6 24. Qf3 b5 25. Nc6 Rd7 26. Nxe7+ Rxe7 27. d6 Rxe3 28.
dxc7 Rxf3 29. Rd8+ Rxd8 30. cxd8=Q+ Bf8 31. Kg2 Rf4 32. Nd5 Ra4 33. Nf6+ Kg7 34. b3 Rxa2 35. Qd4 Kh6 36. Ng8+ Kg5 37. Qf6# 1-0

[Event "*** SCC Grand Prix: Titled Tuesday Blitz"]
[Site "Chess.com"]
[Date "2020.07.14"]
[Round "3"]
[White "Canonkasparov"]
[Black "davigator"]
[Result "1-0"]
[WhiteElo "2557"]
[BlackElo "2359"]
[TimeControl "180+1"]
[EndTime "10:28:02 PDT"]
[Termination "Canonkasparov won by resignation"]

1. d4 Nf6 2. Nf3 e6 3. Bg5 c5 4.
e3 Qb6 5. b3 Ne4 6. Bf4 Nc6 7.
c3 cxd4 8. exd4 d5 9. Bd3 Nf6 10. O-O Be7 11. h3 O-O 12. a4 Bd7 13. b4 Rac8 14. a5 Qd8 15. Nbd2 Nb8 16. Qb3 a6 17. Rfc1 Bb5 18. Bxb5 axb5 19. Bxb8 Rxb8 20. a6 bxa6 21. Rxa6 Nd7 22. Ra7 Bd6 23. Rca1 Nb6 24. Qc2 Na4 25. Nb3 Qb6 26. Ra5 Qc6 27. Nc5 Nb6 28. Qe2 Bxc5 29. dxc5 Nc4 30. Ra6 Qc7 31. Nd4 e5 32. Nc6 Rbe8 33. Na7 Qb7 34. c6 Qb8 35. Qd3 Rd8 36. g3 h5 37. h4 Rfe8 38. Qf5 g6 39.
Qg5 Rd6 40. c7 Qxc7 41. Nxb5 Qd7 42. Nxd6 Nxd6 43. Qf6 Ne4 44. Qc6 Qxc6 45. Rxc6 Rd8 46. b5 d4 47. cxd4 exd4 48. b6 d3 49. b7 d2 50. Rc8 1-0

[Event "*** SCC Grand Prix: Titled Tuesday Blitz"]
[Site "Chess.com"]
[Date "2020.07.14"]
[Round "3"]
[White "KyrgyzFighter"]
[Black "j2806"]
[Result "1-0"]
[WhiteElo "2292"]
[BlackElo "2020"]
[TimeControl "180+1"]
[EndTime "10:28:02 PDT"]
[Termination "KyrgyzFighter won by resignation"]

1. c4 Nf6 2. Nc3 e6 3. e4 d5 4. e5 Ng8 5. d4 c5 6. cxd5 cxd4 7. Qxd4 Nc6 8. Qe4 exd5 9. Qxd5 Be6 10. Qxd8+ Rxd8 11. Bb5 Ne7 12. Nf3 a6 13. Bxc6+ Nxc6 14. Bg5 Be7 15. Bxe7 Kxe7 16. O-O Rd7 17. Ne4 b6 18. Rac1 Bd5 19. Rfe1 Rhd8 20. h3 Bxe4 21. Rxe4 Nd4 22. Nxd4 Rxd4 23. Rxd4 Rxd4 24. Rc7+ Ke6 25. Rc6+ Kxe5 26.
Rxb6 Rd1+ 27. Kh2 Rd2 28. Kg3 f5 29. f4+ Ke4 30. Rb7 Rd3+ 31. Kh2 Kxf4 32. Rxg7 Rd2 33. Rb7 Ke3 34. a4 f4 35. b4 f3 36. Re7+ Kf2 37. Rf7 Rd3 38. Rxf3+ Rxf3 39. gxf3 Kxf3 40. b5 1-0

[Event "*** SCC Grand Prix: Titled Tuesday Blitz"]
[Site "Chess.com"]
[Date "2020.07.14"]
[Round "3"]
[White "antoszu"]
[Black "tdf98pantani"]
[Result "1-0"]
[WhiteElo "2519"]
[BlackElo "2675"]
[TimeControl "180+1"]
[EndTime "10:28:03 PDT"]
[Termination "antoszu won by resignation"]

1. d4 d5 2. c4 e6 3. Nc3 Nf6 4. Nf3 c6 5. Bg5 Nbd7 6. e3 h6 7. Bh4 Be7 8. Qc2 O-O 9. Rd1 b6 10. a3 Bb7 11. Be2 a6 12. O-O dxc4 13. Bxc4 b5 14.
Be2 c5 15. dxc5 Bxc5 16. Bxf6 gxf6 17. Ne4 Be7 18. Ng3 Qc8 19. Qd2 Rd8 20. Qd4 Ne5 21.
Qf4 Nxf3+ 22. Bxf3 Bxf3 23. Qxf3 Qc4 24. Nh5 f5 25. h3 Qh4 26. Nf4 Rac8 27. Qb7 e5 28.
g3 Qg5 29. h4 Qg4 30. Rxd8+ Rxd8 31. Qxe7 1-0

[Event "*** SCC Grand Prix: Titled Tuesday Blitz"]
[Site "Chess.com"]
[Date "2020.07.14"]
[Round "3"]
[White "LastHeroJr"]
[Black "Annawel"]
[Result "0-1"]
[WhiteElo "2444"]
[BlackElo "2949"]
[TimeControl "180+1"]
[EndTime "10:28:03 PDT"]
[Termination "Annawel won by resignation"]

1. e4 c6 2. Nf3 d5 3. d3 g6 4. Nbd2 Bg7 5. g3 e5 6. Bg2 Ne7 7. O-O O-O 8. Re1 Qc7 9. a4 a5 10. c3 Na6 11. Qc2 h6 12. h3 Be6 13. Nb3 dxe4 14.
dxe4 Qb6 15. Ra3 Rfd8 16. Be3 Qc7 17. Nc5 Nxc5 18. Bxc5 Rd7 19. Raa1 Rad8 20. Rad1 b6 21. Be3 b5 22. Bf1 Qb7 23. Bc5 Nc8 24. b4 bxa4 25. Qxa4 axb4 26. cxb4 Nd6 27. Qc2 Nb5 28. Kh2 Ra8 29. Rxd7 Qxd7 30. Rd1 Qc8 31. Bc4 Bxh3 32. Qb3 Ra3 33. Bxf7+ Kh7 34. Bxg6+ Kxg6 35. Nh4+ Kh7 36.
Qf7 Qe6 37. Qh5 Bg4 0-1

[Event "*** SCC Grand Prix: Titled Tuesday Blitz"]
[Site "Chess.com"]
[Date "2020.07.14"]
[Round "3"]
[White "BilodeauA"]
[Black "mitrabhaa"]
[Result "1-0"]
[WhiteElo "2822"]
[BlackElo "2600"]
[TimeControl "180+1"]
[EndTime "10:28:04 PDT"]
[Termination "BilodeauA won by resignation"]

1. e4 c6 2. Nf3 d5 3. d3 dxe4 4. dxe4 Qxd1+ 5. Kxd1 Nf6 6. Nbd2 Rg8 7. Bc4 g5 8. Ne5 e6 9. a4 Nbd7 10. Nd3 b6 11. c3 Bb7 12. Kc2 c5 13. Re1 a6 14.
h3 Bg7 15. e5 Nd5 16. Ne4 Nxe5 17. Nd6+ Kd7 18. Nxe5+ Kxd6 19. Nxf7+ Kd7 20. Nxg5 Rae8 21. Nxh7 Bh8 22. Ng5 Bf6 23. h4 Nc7 24. Bf4 Bxg2 25. Bxc7 Kxc7 26. Nxe6+ Kb7 27. Nf4 Rxe1 28. Rxe1 Rg4 29.
Nxg2 Rxc4 30. f3 Rxa4 31. h5 b5 32. h6 b4 33. Kb3 Ra5 34. c4 1-0

[Event "*** SCC Grand Prix: Titled Tuesday Blitz"]
[Site "Chess.com"]
[Date "2020.07.14"]
[Round "3"]
[White "Nara_Kh"]
[Black "biaf13"]
[Result "1-0"]
[WhiteElo "2266"]
[BlackElo "1954"]
[TimeControl "180+1"]
[EndTime "10:28:05 PDT"]
[Termination "Nara_Kh won on time"]

1. e4 c5 2. Be2 Nc6 3. f4 e6 4. Nf3 Nge7 5. O-O g6 6. d3 Bg7 7. c3 O-O 8. Be3 b6 9. d4 cxd4 10. cxd4 d5 11. e5 Nf5 12. Bf2 Bh6 13. g4 Nfe7 14. Bg3 a6 15. Nc3 b5 16. Qd2 Qb6 17.
Kh1 Rd8 18. Bh4 Re8 19. Bf6 Bd7 20. Rad1 Na5 21. Ng5 Nc4 22. Qe1 Bxg5 23. fxg5 h6 24. Qh4 Nf5 25. gxf5 h5 26. fxg6 fxg6 27. Bxh5 1-0

[Event "*** SCC Grand Prix: Titled Tuesday Blitz"]
[Site "Chess.com"]
[Date "2020.07.14"]
[Round "3"]
[White "ErikRonka"]
[Black "pirulillo"]
[Result "0-1"]
[WhiteElo "2361"]
[BlackElo "2144"]
[TimeControl "180+1"]
[EndTime "10:28:06 PDT"]
[Termination "pirulillo won by checkmate"]

1. d4 Nf6 2. c4 g6 3. Nc3 Bg7 4.
e4 d6 5. f3 O-O 6. Be3 b6 7.
Nge2 c5 8. d5 a6 9. a4 e6 10.
Ng3 exd5 11. cxd5 h5 12. Be2 h4 13. Nf1 Nh7 14. Nd2 f5 15. exf5 gxf5 16. f4 Bf6 17. O-O Ra7 18. Nc4 Rg7 19. Qd2 Be7 20. Kh1 Nd7 21.
Rg1 Ndf6 22. g3 hxg3 23. Rxg3 Rxg3 24. hxg3 Bd7 25. Bf3 b5 26. axb5 axb5 27. Na5 b4 28. Nd1 Ng4 29. Bg1 Nhf6 30. Nc6 Qe8 31. Kg2 Ne4 32.
Bxe4 fxe4 33. Ne3 Nxe3+ 34. Qxe3 Bf6 35. Ra7 Bg4 36. f5 Rf7 37. Rxf7 Qxf7 38. Qf4 Bf3+ 39. Kf1 Qxd5 40. Nd8 Qd1+ 41. Kf2 Qe2# 0-1

[Event "*** SCC Grand Prix: Titled Tuesday Blitz"]
[Site "Chess.com"]
[Date "2020.07.14"]
[Round "3"]
[White "Zubrrr"]
[Black "Vaathi_Coming"]
[Result "0-1"]
[WhiteElo "2640"]
[BlackElo "2928"]
[TimeControl "180+1"]
[EndTime "10:28:14 PDT"]
[Termination "Vaathi_Coming won by resignation"]

1. d4 e6 2. Nf3 f5 3. g3 d5 4. Bg2 Nf6 5. O-O Bd6 6. c4 c6 7. b3 O-O 8. Ba3 Ne4 9. e3 Nd7 10. Bxd6 Nxd6 11. Na3 Qe7 12. Qc1 g5 13. Ne5 g4 14. Nd3 Nf6 15. f3 Bd7 16. c5 Nf7 17. f4 h5 18. Kf2 Kg7 19. Nb1 Ne4+ 20. Ke2 h4 21. Nf2 hxg3 22. Nxe4 fxe4 23. hxg3 Nh6 24.
Rh1 Nf5 25. Kf2 Rh8 26. Nc3 Rxh1 27. Qxh1 Rh8 28. Qd1 Kf8 29. Qd2 Nxg3 0-1

[Event "*** SCC Grand Prix: Titled Tuesday Blitz"]
[Site "Chess.com"]
[Date "2020.07.14"]
[Round "3"]
[White "xberli"]
[Black "Gromes7"]
[Result "1-0"]
[WhiteElo "2290"]
[BlackElo "2004"]
[TimeControl "180+1"]
[EndTime "10:28:14 PDT"]
[Termination "xberli won by checkmate"]

1. e4 c5 2. Nf3 d6 3. d4 cxd4 4. Nxd4 Nf6 5. Nc3 Nc6 6. Bg5 e6 7.
Qd2 Be7 8. O-O-O O-O 9. f4 Nxd4 10. Qxd4 Qa5 11. Bc4 Rd8 12. Rhe1 Bd7 13. Bb3 Bc6 14. Kb1 b5 15. f5 b4 16. fxe6 bxc3 17. exf7+ Kh8 18.
Bc1 Qe5 19. Qe3 a5 20. a4 Rab8 21. Rd4 Bf8 22. Qxc3 Rdc8 23. Qd3 Nd7 24. Rc4 Nc5 25. Rxc5 dxc5 26. g3 c4 27. Qxc4 Bb4 28. Bf4 Qh5 29.
Bxb8 Bxe1 30. Bf4 Qxh2 31. Qe6 Bb7 32. Qxc8+ Bxc8 33. f8=Q# 1-0

[Event "*** SCC Grand Prix: Titled Tuesday Blitz"]
[Site "Chess.com"]
[Date "2020.07.14"]
[Round "3"]
[White "carlesdc96"]
[Black "FedaMaster"]
[Result "1-0"]
[WhiteElo "2711"]
[BlackElo "2357"]
[TimeControl "180+1"]
[EndTime "10:28:15 PDT"]
[Termination "carlesdc96 won by resignation"]

1. Nf3 c5 2. e4 d6 3. Bb5+ Nd7 4. d4 a6 5. Bxd7+ Bxd7 6. dxc5 dxc5 7. Nc3 Bb5 8.
Qxd8+ Rxd8 9. a4 Bc6 10. Ne5 Rc8 11. Bf4 e6 12. a5 Ne7 13. Nc4 Ng6 14. Bg3 f5 15. f3 fxe4 16. fxe4 Rd8 17. Rd1 Rd4 18. b3 Be7 19. O-O Rf8 20. Rfe1 Nf4 21. Bf2 Rxd1 22.
Rxd1 Bf6 23. Na4 Bd4 24. Bxd4 Ne2+ 25. Kh1 cxd4 26. Nc5 Rf4 27. h3 Bxe4 28. Nxe4 Rxe4 29. Nd6+ Ke7 30. Nxe4 e5 31. Re1 Nf4 32. Nc5 Kf6 33. Nd7+ Kf5 34. Nxe5 d3 35. Nxd3 Nd5 36. Re5+ 1-0